 Dungeon Crawl Stone Soup version bcrawl-1.12-11-gb93c957c58 (webtiles) character file.

Game seed: 6629973750442559653

215 PgLoLo the Caller (level 5, -1/30 HPs)
             Began as an Avariel Summoner on June 25, 2019.
             Splashed by a jelly's acid (9 damage)
             ... on level 4 of the Dungeon.
             The game lasted 00:08:55 (5018 turns).

PgLoLo the Caller (Avariel Summoner)                Turns: 5018, Time: 00:08:56

Health: -1/30      AC:  5    Str:  6    XL:     5   Next: 92%
Magic:  12/14      EV: 12    Int: 22    God:
Gold:   321        SH:  3    Dex: 13    Spells: 4/13 levels left

rFire    . . .     SeeInvis +   r - +0 trident (freeze)
rCold    . . .     Gourm    .   w - +0 buckler
rNeg     . . .     Faith    .   u - +0 robe (curse)
rPois    .         Spirit   .   j - +1 helmet {SInv}
rElec    .         Reflect  .   (no cloak)
rCorr    .         Harm     .   m - +0 pair of gloves
MR       .....                  (no boots)
Stlth    ++........             (no amulet)
HPRegen  0.10/turn              (no ring)
MPRegen  0.14/turn              (no ring)

@: no status effects
A: no striking features
a: no special abilities


You were on level 4 of the Dungeon.
You were not hungry.

You visited 1 branch of the dungeon, and saw 4 of its levels.

You collected 321 gold pieces.

Inventory:

Hand Weapons
 k - a +0 hunting sling
 p - a +0 flail of protection
 r - a +0 trident of freezing (weapon)
Missiles
 l - a throwing net (quivered) {!f}
Armour
 j - a +1 helmet of see invisible (worn)
 m - a +0 pair of gloves (worn)
 u - a cursed +0 robe (worn)
 w - a +0 buckler (worn)
 y - a +2 robe of magic resistance
Jewellery
 b - a +2 ring of strength {unknown}
Scrolls
 i - a scroll of teleportation {unknown}
 o - a scroll of enchant armour {unknown}
 s - a scroll of blinking {unknown}
 t - a scroll of fear {unknown}
Potions
 d - 2 potions of brilliance {unknown}
 f - 2 potions of heal wounds
 h - 2 potions of degeneration {unknown}
 n - a potion of magic {unknown}
 q - a potion of curing {unknown}
 v - a potion of flight {unknown}
 x - a potion of haste
 z - 2 potions of ambrosia {unknown}
Comestibles
 c - 5 rations {!d}


   Skills:
 + Level 1.9 Fighting
 + Level 0.7 Polearms
 + Level 3.3 Dodging
 - Level 2.1 Stealth
 * Level 4.9 Spellcasting
 + Level 5.7 Summonings


You had 4 spell levels left.
You knew the following spells:

 Your Spells              Type           Power        Failure   Level  Hunger
c - Call Canine Familiar  Summ           ####....     4%          3    ##.....
e - Summon Ice Beast      Ice/Summ       ###.....     45%         4    ####...
s - Call Imp              Summ           ####....     2%          2    None

Your spell library contained the following spells:

 Spells                   Type           Power        Failure   Level  Hunger
 Summon Small Mammal      Summ           ####         1%          1    None
 Summon Lightning Spire   Summ/Air       ###.....     82%         5    #####..


Dungeon Overview and Level Annotations

Branches:
Dungeon (4/12)
 Temple: D:4-7

Altars:
Trog
Xom


Message History

The iguana is heavily wounded.
Your hound bites the iguana.
Your hound barely misses the iguana.
The iguana hisses menacingly.
The iguana bites you!
You hear a slurping noise.
Your hound closely misses the iguana.
You hit the iguana.
The iguana seems to slow down.
You freeze the iguana.
The iguana is almost dead.
Your hound bites the iguana.
The iguana dies!
You hit the jelly. You freeze the jelly.
Your hands burn!
The jelly is lightly wounded.
Your hound bites the jelly.
Your hound is burned by acid!
Your hound bites the jelly.
Your hound is burned by acid!
The jelly hits you.
* * * LOW HITPOINT WARNING * * *
You are splashed with acid!
You die...

.....[...
.........
#.....(. #.....#
. #.....# ...
+.....#
##...###Jh.%.##..
#......@.........
#.#..#...........
#.. +...........
# #...........
#.........>.
#.......####
#.......#
#......##


You could see a jelly and a friendly hound.

Vanquished Creatures
  A hound (D:3)
  A jelly (D:4)
  A bullfrog skeleton (D:3)
  A hound skeleton (D:3)
  A dart slug (D:3)
  2 leopard geckos (D:3)
  2 bats (D:2)
  2 giant cockroaches
  2 goblins
  4 hobgoblins
  2 jackals
  A frilled lizard (D:2)
  3 kobolds
  3 rats
26 creatures vanquished.

Vanquished Creatures (collateral kills)
  A crimson imp (D:2)
  A jelly (D:4)
  Jessica (D:3)
  An iguana (D:4)
  2 adders (D:3)
  A worm (D:2)
  A giant cockroach (D:1)
  2 goblins (D:1)
  4 hobgoblins
  3 jackals
  2 kobolds (D:1)
  A bat (D:1)
  2 rats (D:1)
22 creatures vanquished.

Grand Total: 48 creatures vanquished

Notes
Turn   | Place    | Note
-------+----------+-------------------------------------------
     0 | D:1      | PgLoLo the Avariel Summoner began the quest for the Orb.
     0 | D:1      | Reached XP level 1. HP: 10/10 MP: 6/6
  1031 | D:1      | Reached XP level 2. HP: 9/16 MP: 4/8
  1316 | D:1      | Learned a level 2 spell: Call Imp
  1510 | D:1      | Reached skill level 5 in Summonings
  2149 | D:2      | Noticed a phantom
  2440 | D:2      | Noticed a crimson imp
  2459 | D:2      | Killed a crimson imp
  2459 | D:2      | Reached skill level 1 in Fighting
  2459 | D:2      | Reached XP level 3. HP: 10/20 MP: 1/10
  2487 | D:2      | Learned a level 3 spell: Call Canine Familiar
  3633 | D:3      | Reached XP level 4. HP: 19/25 MP: 12/12
  3639 | D:3      | Learned a level 4 spell: Summon Ice Beast
  3827 | D:3      | Reached XP level 5. HP: 9/29 MP: 11/13
  4530 | D:3      | Noticed Jessica
  4541 | D:3      | Killed Jessica
  4663 | D:3      | Found a shimmering altar of Xom.
  4792 | D:3      | Found a bloodstained altar of Trog.
  5018 | D:4      | Splashed by a jelly's acid

Skill      XL: |  1  2  3  4 |
---------------+-------------+-----
Spellcasting   | 3 4 |  4.9
Summonings     | 5 |  5.7
Fighting       | 1 |  1.9
Dodging        | 3 |  3.3
Polearms       | |  0.7
Stealth        | |  2.1

Action                   |  1- 3 |  4- 6 || total
-------------------------+-------+-------++-------
Melee: Whip              |   113 |       ||   113
       Flail             |    37 |    27 ||    64
       Trident           |       |    32 ||    32
 Cast: Summon Small Mamm |    17 |       ||    17
       Call Imp          |    13 |     6 ||    19
       Call Canine Famil |     3 |     5 ||     8
  Use: Scroll            |       |     3 ||     3
 Stab: Sleeping          |     1 |     1 ||     2
  Eat: Chunk             |     6 |     4 ||    10
       Ration            |     1 |       ||     1
Armor: Robe              |    63 |    21 ||    84
Dodge: Dodged            |   145 |    51 ||   196
Block: Buckler           |       |     5 ||     5
